 Dungeon Crawl Stone Soup version 0.21-a0-401-g0b6bec4 (webtiles) character file.

37 lauthentik the Sneak (level 3, -1/24 HPs)
             Began as a Vampire Enchanter on Oct 25, 2017.
             Slain by a jackal (3 damage)
             ... on level 2 of the Dungeon.
             The game lasted 00:03:02 (1085 turns).

lauthentik the Sneak (Vampire Enchanter)            Turns: 1085, Time: 00:03:03

Health: -1/24      AC:  2    Str:  7    XL:     3   Next: 23%
Magic:  3/6        EV: 12    Int: 18    God:
Gold:   39         SH:  0    Dex: 14    Spells: 4/7 levels left

rFire    . . .     SeeInvis +   a - +1 dagger
rCold    + . .     Gourm    .   (no shield)
rNeg     + + .     Faith    .   b - +0 robe
rPois    +         Spirit   .   (no helmet)
rElec    .         Reflect  .   (no cloak)
rCorr    .         Harm     .   (no gloves)
MR       .....                  (no boots)
Stlth    ++++......             (no amulet)
HPRegen  0.04/turn              (no ring)
MPRegen  0.10/turn              (no ring)

@: regenerating slowly
A: fangs 3, see invisible, unbreathing
a: Bat Form


You were on level 2 of the Dungeon.
You were thirsty.

You visited 1 branch of the dungeon, and saw 2 of its levels.

You collected 39 gold pieces.

Inventory:

Hand Weapons
 a - a +1 dagger (weapon)
Missiles
 g - 29 poisoned needles
Armour
 b - a +0 robe (worn)
Scrolls
 f - a scroll of remove curse {unknown}
 h - 3 scrolls of teleportation {unknown}
 i - a scroll of blinking {unknown}
 k - a scroll of identify {unknown}
Potions
 d - 8 potions of blood
 e - 2 potions of curing {unknown}
 j - a potion of haste {unknown}
Books
 c - a book of Maledictions

   Spells                             Type                      Level
   a - Corona                         Hexes                        1
   b - Ensorcelled Hibernation        Hexes/Ice                    2
   c - Confuse                        Hexes                        3
   d - Tukima's Dance                 Hexes                        3
   e - Dazzling Spray                 Conjuration/Hexes            3


   Skills:
 + Level 0.1 Fighting
 + Level 1.3 Short Blades
 + Level 2.2 Dodging
 + Level 5.1 Stealth
 + Level 2.6 Spellcasting
 + Level 5.0 Hexes


You had 4 spell levels left.
You knew the following spells:

 Your Spells              Type           Power        Failure   Level  Hunger
a - Ensorcelled Hibernat  Hex/Ice        ##....       9%          2    ##.....
b - Corona                Hex            ###....      2%          1    #......


Dungeon Overview and Level Annotations

Branches:
Dungeon (2/15)

Altars:


Innate Abilities, Weirdness & Mutations

You heal slowly.
You have razor-sharp teeth.
You have supernaturally acute eyesight. (SInv)
You can survive without breathing.


Message History

The rat closely misses you.
You barely miss the jackal. The bat hits you but does no damage.
The jackal misses you.
You hit the jackal but do no damage.
The jackal bites you but does no damage.
The rat bites you.
* * * LOW HITPOINT WARNING * * *
The bat hits you but does no damage.
The jackal bites you but does no damage.
You closely miss the jackal. The bat hits you but does no damage.
The rat closely misses you. The jackal bites you.
* * * LOW HITPOINT WARNING * * *
You hit the jackal but do no damage. The jackal closely misses you.
The rat bites you.
* * * LOW HITPOINT WARNING * * *
The bat hits you but does no damage.
You hit the jackal.
The jackal is moderately wounded.
The bat misses you. The jackal bites you.
You die...

# #... #.#..$
.#.#.#.###
......... .......
.b..# #.r# . #@#
... #h##
$...######rr# .# #
###....h....##.#.#
#........#...#.#.#
#................#
...........#.#.###
.........#.....#
....######.....#


You could see 2 quokkas, a jackal, a bat and a rat.

Vanquished Creatures
  4 dart slugs (D:1)
  A leopard gecko (D:1)
  6 bats (D:1)
  2 giant cockroaches (D:1)
  A goblin (D:1)
  2 hobgoblins (D:1)
  A jackal (D:2)
  A ball python (D:1)
  2 frilled lizards (D:1)
  5 kobolds (D:1)
  3 rats
28 creatures vanquished.

Notes
Turn   | Place    | Note
-------+----------+-------------------------------------------
     0 | D:1      | lauthentik the Vampire Enchanter began the quest for the Orb.
     0 | D:1      | Reached XP level 1. HP: 13/13 MP: 3/3
   113 | D:1      | Reached XP level 2. HP: 8/19 MP: 3/5
   378 | D:1      | Learned a level 2 spell: Ensorcelled Hibernation
   653 | D:1      | Reached skill level 5 in Stealth
   657 | D:1      | Reached skill level 5 in Hexes
   696 | D:1      | Reached XP level 3. HP: 20/24 MP: 2/6
  1085 | D:2      | Slain by a jackal

Vault maps used:
D:1:      dpeg_arrival_long_road, kennysheep_small_spiral, minmay_heptomino_d4
D:2:      chequers_ecumenical_altar_island

Skill      XL: |  1  2 |
---------------+-------+-----
Stealth        | 5 |  5.1
Hexes          | 5 |  5.0
Fighting       | |  0.1
Short Blades   | |  1.3
Dodging        | |  2.2
Spellcasting   | |  2.6

Action                   || total
-------------------------++-------
Melee: Dagger            ||    85
       Bite              ||     4
 Cast: Corona            ||    10
       Ensorcelled Hiber ||    11
 Stab: Sleeping          ||    13
Armor: Robe              ||    29
Dodge: Dodged            ||    93

Table legend:
 A = Spawn XP
 B = Non-spawn XP
 C = Spawn XP percentage of total XP
 D = Spawn monster count
 E = Non-spawn monster count
 F = Spawn count percentage of total count
 G = Total turns spent on level
                    A         B        C        D         E        F      G
               +---------+---------+-------+---------+---------+-------+---------
         Total |       0 |      54 |   0.0 |       0 |      28 |   0.0 |  1085
               +---------+---------+-------+---------+---------+-------+---------
           D:1 |       0 |      50 |   0.0 |       0 |      25 |   0.0 |  1006
           D:2 |       0 |       4 |   0.0 |       0 |       3 |   0.0 |    79
               +---------+---------+-------+---------+---------+-------+---------
